 Dungeon Crawl Stone Soup version 0.31-a0-889-g1a8549509d (webtiles) character file.

Game seed: 4037467916804178646

1963377 Sergey the Ninja (level 27, 182/182 HPs)
             Began as a Kobold Shapeshifter on Oct 16, 2023.
             Was the Champion of Dithmenos.
             Escaped with the Orb
             ... and 4 runes!
             The game lasted 03:59:05 (91704 turns).

Sergey the Ninja (Kobold Shapeshifter)             Turns: 91704, Time: 03:59:06

Health: 182/182    AC: 25    Str: 11    XL:     27
Magic:  38/38      EV: 36    Int: 18    God:    Dithmenos [******]
Gold:   946        SH:  0    Dex: 27    Spells: 9/48 levels left

rFire   + + +        e - +9 quick blade (protect)
rCold   + + .        L - orb {guile}
rNeg    . . .        J - +7 swamp dragon scales
rPois   +            V - +2 hat of the Pink Corner {Will+ MP+9}
rElec   .            f - +2 cloak
rCorr   .            O - +2 pair of gloves
SInv    .            A - +0 pair of boots of the Leaf {rF+++ Regen+ MP-9 Str-3}
Will    +++++        W - amulet "Arouthid" {RegenMP rC+ Will+++ Dex-3 Stlth+}
Stlth   ++++++++     D - +6 ring of dexterity
HPRegen 1.30/turn    H - ring "Ojirebla" {rC+ Will+ Int+5}
MPRegen 0.66/turn

%: no passive effects
@: wreathed by umbra, studying Summonings
A: small, no large weapons, nightstalker 3, deterioration 1, strong-willed 1
0: Orb of Zot
}: 4/15 runes: decaying, serpentine, slimy, silver
a: Renounce Religion, Shadow Step, Shadow Form


You escaped.
You worshipped Dithmenos.
Dithmenos was exalted by your worship.
You visited 12 branches of the dungeon, and saw 56 of its levels.
You visited 1 bazaar.
You visited 1 ziggurat, and saw 4 of its levels.
You also visited: Ice Cave.

You collected 9903 gold pieces.
You spent 8957 gold pieces at shops.

Inventory:

Hand Weapons
 d - a +3 dagger of distortion {!w}
 e - a +9 quick blade of protection (weapon)
 q - the +8 Vampire's Tooth {megavamp}
   (You found it on level 3 of the Crypt)
 w - the +5 rapier "Pisaj" {drain, Int+2}
   (You found it on level 5 of the Pits of Slime)

   Int+2:     It affects your intelligence (+2).
Missiles
 u - 2 throwing nets (quivered)
Armour
 f - a +2 cloak (worn)
 t - a +2 helmet
 A - the +0 pair of boots of the Leaf (worn) {rF+++ Regen+ MP-9 Str-3}
   (You found it on level 4 of the Dungeon)

   Str-3:     It affects your strength (-3).
   rF+++:     It renders you almost immune to fire.
   MP-9:      It affects your magic capacity (-9).
   Regen+:    It increases your rate of health regeneration.
 J - +7 swamp dragon scales (worn)
 L - an orb of guile (worn)
 O - a +2 pair of gloves (worn)
 T - a +3 buckler of protection
 V - the +2 hat of the Pink Corner (worn) {Will+ MP+9}
   (You acquired it on level 4 of the Swamp)

   Will+:     It increases your willpower.
   MP+9:      It affects your magic capacity (+9).
Magical Staves
 l - the staff "Aschi" {rElec rC++ rN+ SInv Necro}
   (You took it off a deep elf annihilator on level 3 of the Elven Halls)

   [staff of death]

   Base accuracy: +5 Base damage: 5 Base attack delay: 1.2 This weapon's minimum
   attack delay (0.6) is reached at skill level 12.
   rC++:      It greatly protects you from cold.
   rElec:     It insulates you from electricity.
   rN+:       It protects you from negative energy.
   SInv:      It lets you see invisible.
   Necro:     It increases the power of your Necromancy spells.
   It falls into the 'Staves' category.
   It is a two-handed weapon.
Jewellery
 r - the ring "Molap" {rElec Will- MP+9 Str+5 Stlth+}
   (You bought it in a shop on level 1 of the Vaults)

   [ring of magical power]

   Str+5:     It affects your strength (+5).
   rElec:     It insulates you from electricity.
   Will-:     It decreases your willpower.
   MP+9:      It affects your magic capacity (+9).
   Stlth+:    It makes you more stealthy.
 z - a ring of positive energy
 D - a +6 ring of dexterity (left hand)
 H - the ring "Ojirebla" (right hand) {rC+ Will+ Int+5}
   (You bought it in a shop on level 1 of the Depths)

   [ring of willpower]

   Int+5:     It affects your intelligence (+5).
   rC+:       It protects you from cold.
   Will+:     It increases your willpower.
 K - a +5 ring of evasion
 P - the amulet "Buaq Bil" {+Blink rElec Regen+ Str+3 Dex+2}
   (You found it on level 5 of the Pits of Slime)

   [amulet of regeneration]

   Str+3:     It affects your strength (+3).
   Dex+2:     It affects your dexterity (+2).
   rElec:     It insulates you from electricity.
   +Blink:    It lets you blink.
   Regen+:    It increases your rate of health regeneration.
 W - the amulet "Arouthid" (around neck) {RegenMP rC+ Will+++ Dex-3 Stlth+}
   (You acquired it on level 4 of the Vaults)

   [amulet of magic regeneration]

   RegenMP:   It increases your rate of magic regeneration.
   Dex-3:     It affects your dexterity (-3).
   rC+:       It protects you from cold.
   Will+++:   It greatly increases your willpower.
   Stlth+:    It makes you more stealthy.
 Y - a ring of protection from cold
Wands
 c - a wand of quicksilver (9)
 i - a wand of iceblast (42)
 v - a wand of digging (5)
 F - a wand of paralysis (35)
 I - a wand of mindburst (38)
Scrolls
 g - 3 scrolls of silence {!r}
 h - 4 scrolls of fog {@r2}
 j - 14 scrolls of teleportation {@r3}
 y - a scroll of revelation {@r5}
 M - 6 scrolls of vulnerability {!r}
 N - 6 scrolls of fear
 Z - 10 scrolls of immolation
Potions
 a - 4 potions of enlightenment
 b - 6 potions of invisibility
 k - 6 potions of ambrosia
 n - 7 potions of lignification
 p - 15 potions of curing {@q2}
 s - 8 potions of brilliance
 x - 9 potions of heal wounds {@q1}
 E - 2 potions of cancellation
 G - 2 potions of resistance
 Q - 2 potions of mutation
 R - 2 potions of haste {@q5}
 S - 7 potions of magic
 U - 4 potions of might {@q3}
Miscellaneous
 m - a phantom mirror
 o - a phial of floods
 B - a tin of tremorstones (2/2)
 C - a box of beasts
 X - a lightning rod (4/4)


   Skills:
 + Level 21.0 Fighting
 - Level 14.0 Short Blades
 - Level 5.2 Armour
 + Level 25.3 Dodging
 O Level 27 Stealth
 - Level 1.5 Shields
 - Level 3.0 Unarmed Combat
 - Level 11.0 Spellcasting
 - Level 5.0 Conjurations
 - Level 23.0 Hexes
 - Level 6.0 Translocations
 - Level 3.0 Ice Magic
 - Level 6.0 Air Magic
 - Level 12.0 Invocations
 - Level 21.0 Evocations
 - Level 3.0 Shapeshifting


You had 9 spell levels left.
You knew the following spells:

 Your Spells              Type           Power      Damage    Failure   Level
a - Enfeeble              Hex            37%        N/A       1%          7
b - Ensorcelled Hibernat  Hex/Ice        100%       N/A       1%          2
c - Jinxbite              Hex            100%       N/A       0%          2
d - Dazzling Flash        Conj/Hex       100%       N/A       1%          3
e - Teleport Other        Tloc           31%        N/A       4%          3
f - Cause Fear            Hex            37%        N/A       0%          4
v - Summon Mana Viper     Hex/Summ       50%        N/A       3%          5
D - Discord               Hex            37%        N/A       9%          8
S - Silence               Hex/Air        29%        N/A       1%          5

Your spell library contained the following spells:

 Spells                   Type           Power      Damage    Failure   Level
 Sigil of Binding         Hex            75%        N/A       0%          3
 Apportation              Tloc           62%        N/A       1%          1
 Shock                    Conj/Air       100%       1d9       1%          1
 Lesser Beckoning         Tloc           62%        N/A       1%          2
 Inner Flame              Hex/Fire       50%        N/A       1%          3
 Anguish                  Hex/Necr       25%        N/A       1%          4
 Dimensional Bullseye     Hex/Tloc       29%        N/A       1%          4
 Fulminant Prism          Conj/Hex       28%        3d14      1%          4
 Leda's Liquefaction      Hex/Erth       25%        N/A       1%          4
 Metabolic Englaciation   Hex/Ice        27%        N/A       1%          5
 Static Discharge         Conj/Air       58%        2-5/arc   2%          2
 Freeze                   Ice            80%        1d9       4%          1
 Gell's Gravitas          Tloc           31%        N/A       4%          3
 Swiftness                Air            31%        N/A       4%          3
 Foxfire                  Conj/Fire      72%        2x1d7     5%          1
 Poisonous Vapours        Pois/Air       40%        N/A       7%          2
 Hailstorm                Conj/Ice       24%        3d7       9%          3
 Cigotuvi's Dreadful Rot  Necr/Pois/Air  34%        N/A       11%         2
 Mephitic Cloud           Conj/Pois/Air  23%        N/A       11%         3
 Airstrike                Air            15%        2d(3-19)  13%         4
 Vhi's Electric Charge    Tloc/Air       62%        N/A       13%         4
 Frozen Ramparts          Ice            40%        1d7       14%         3
 Ozocubu's Armour         Ice            20%        N/A       14%         3
 Volatile Blastmotes      Fire/Tloc      40%        2d13      14%         3
 Necrotise                Necr           36%        1d5       16%         1
 Sandblast                Erth           18%        2d7       16%         1
 Sting                    Tmut/Pois      36%        1d4       16%         1
 Summon Small Mammal      Summ           36%        N/A       16%         1
 Iskenderun's Mystic Bla  Conj/Tloc      29%        2d7       16%         4
 Stone Arrow              Conj/Erth      36%        3d9       17%         3
 Passwall                 Tmut/Erth      7%         N/A       24%         2
 Scorch                   Fire           18%        2d5       24%         2
 Sublimation of Blood     Necr           9%         N/A       24%         2
 Wereblood                Tmut           9%         N/A       24%         2
 Summon Lightning Spire   Summ/Air       20%        N/A       41%         4
 Arcjolt                  Conj/Air       14%        1d24      41%         5
 Call Canine Familiar     Summ           9%         N/A       43%         3
 Brom's Barrelling Bould  Conj/Erth      18%        2d4       50%         4
 Iskenderun's Battlesphe  Conj           27%        2d8       50%         5
 Freezing Cloud           Conj/Ice/Air   13%        6-21      54%         5
 Summon Ice Beast         Ice/Summ       15%        N/A       63%         4
 Summon Forest            Summ/Tloc      10%        N/A       77%         5
 Animate Armour           Summ/Erth      18%        N/A       83%         4
 Dispel Undead            Necr           9%         3d8       83%         4
 Olgreb's Toxic Radiance  Pois           9%         N/A       83%         4
 Petrify                  Tmut/Erth      9%         N/A       83%         4
 Fireball                 Conj/Fire      9%         3d6       83%         5
 Irradiate                Conj/Tmut      9%         3d14      83%         5
 Conjure Ball Lightning   Conj/Air       14%        3x3d6     94%         6
 Agony                    Necr           9%         N/A       99%         5
 Alistair's Intoxication  Tmut/Pois      6%         N/A       99%         5
 Lee's Rapid Deconstruct  Erth           4%         3d5*      99%         5
 Bombard                  Conj/Erth      9%         9d2       100%        6
 Death Channel            Necr           4%         N/A       100%        6
 Plasma Beam              Fire/Air       10%        2x1d21    100%        6
 Starburst                Conj/Fire      9%         6d5       100%        6
 Summon Cactus Giant      Summ           4%         N/A       100%        6
 Malign Gateway           Summ/Tloc      10%        N/A       100%        7
 Monstrous Menagerie      Summ           4%         N/A       100%        7
 Orb of Destruction       Conj           13%        9d7       100%        7
 Ozocubu's Refrigeration  Ice            10%        4d9       100%        7
 Spellforged Servitor     Conj/Summ      9%         N/A       100%        7
 Disjunction              Tloc           15%        N/A       100%        8
 Infestation              Necr           4%         N/A       100%        8
 Lehudib's Crystal Spear  Conj/Erth      9%         10d4      100%        8
 Maxwell's Capacitive Co  Air            15%        ∞         100%        8
 Summon Horrible Things   Summ           4%         N/A       100%        8
 Chain Lightning          Conj/Air       14%        3d19      100%        9
 Fire Storm               Conj/Fire      9%         8d2       100%        9
 Shatter                  Erth           4%         3d8*      100%        9


Dungeon Overview and Level Annotations

Branches:
Dungeon (15/15)            Temple (1/1) D:7            Lair (5/5) D:10
  Swamp (4/4) Lair:2        Snake (4/4) Lair:3        Slime (5/5) Lair:4
    Orc (2/2) D:12            Elf (3/3) Orc:2        Vaults (5/5) D:13
  Crypt (3/3) Vaults:3       Tomb (0/3) Crypt:3      Depths (4/4) D:15
    Zot (5/5) Depths:4      IceCv (visited)

Altars:
Ashenzari
Cheibriados
Dithmenos
Elyvilon
Fedhas
Gozag
Hepliaklqana
Kikubaaqudgha
Makhleb
Nemelex Xobeh
Okawaru
Qazlal
Ru
Sif Muna
Trog
Uskayaw
Vehumet
Wu Jian
Xom
Yredelemnul
Zin
The Shining One

Shops:
D:5 *   D:8 =   D:9 :   Orc:1 :   Orc:2 *=([   Elf:2 *   Elf:3 [   Snake:1 ((
Snake:2 *   Vaults:1 (*==   Vaults:3 [   Vaults:4 !   Depths:1 :=:

Portals:
Hell: Depths:1 Depths:2 Depths:3 Depths:4
Abyss: Depths:2 Depths:3
Pandemonium: Depths:2 Depths:4

Annotations:
D:3 exclusion: downstairs
D:9 VAULT
D:10 exclusion: downstairs
D:15 Roxanne
Lair:3 exclusion: hydra
Swamp:1 exclusion: downstairs
Snake:2 exclusion: downstairs
Snake:3 exclusion: ice statue, Mara
Orc:1 exclusion: downstairs
Orc:2 3 runed translucent doors, Zgarb's ghost, journeyman NaIE; heinrich's ghost, journeyman DsFE; incide's ghost, journeyman DsWn
Elf:2 8 runed translucent doors
Vaults:1 2 transporters, exclusion: orange crystal statue
Vaults:3 2 transporters
Vaults:4 exclusions: crystal guardian and peacekeeper
Crypt:1 Jory
Crypt:3 exclusion: curse skull
Depths:3 exclusion: orange crystal statue
Zot:5 1 exclusion


Innate Abilities, Weirdness & Mutations

You are small and have problems with some larger weapons.
You are completely attuned to the shadows.
Your body sometimes deteriorates upon taking damage.
You are strong-willed. (Will+)


Message History

Aim: a lich (umbra, will inflict weakness and antimagic)
The lich partially resists.
The lich is enfeebled!
Pygoshrin comes into view.
Press: ? - help, v - describe, . - travel
Here: Pygoshrin (umbra)
The floor.
Unknown command.
An Orb Guardian comes into view.
There is an escape hatch in the ceiling here.
The Orb Guardian completely misses you. A mysterious force pulls you upwards.
The hatch slams shut behind you.
Casting: Enfeeble (mildly dangerous; 1% risk of failure)
Confirm with . or Enter, or press ? or * to list all spells.
Aiming: Ensorcelled Hibernation (safe; 1% risk of failure)
Press: ? - help, Shift-Dir - straight line, f - Orb Guardian
Aim: an Orb Guardian (umbra, chance to affect: 54%)
The Orb Guardian looks drowsy...
Your shadow mimics your spell!
The Orb Guardian is unaffected.
The helpless Orb Guardian fails to defend itself.
You spit the Orb Guardian like a pig!!!!!!
Your weapon exudes an aura of protection.
You kill the Orb Guardian!
Dithmenos accepts your kill.
Magic restored.
There is an escape hatch in the ceiling here.
There is a stone staircase leading up here.
You climb upwards.
Level annotation: exclusion: downstairs
There is a stone staircase leading down here.
You see here a +0 leather armour.
There is a stone staircase leading up here.
You climb upwards.
There is a stone staircase leading down here.
There is a stone staircase leading up here.
You climb upwards.
There is a stone staircase leading down here.
There is a staircase leading out of the dungeon here.
Unknown command.
You have escaped!

.....##........#...#.......##......
.....##...#######.#######..########
.....##...# ##.......## #..# ##..
#######...###.........###..# #..#
###...##...........##..# #.##
##.....#.............#..## #.## ##
#..#..##.............##..####.## .#
#.#..#.#......[......#.#..##..## .#
#...#.........@.........#..#.### .#
#....#.#.............#.#..##.# .#
##....##.............##......# .#
##....#.............#..####.# ##
##...##...........##..####'### ####
#...###.........###..##...... ...#
#...# ##.......## #..##...... ...#
#[..#######.#######..##...... ...#
#........#...#...............


There were no monsters in sight!

Vanquished Creatures
  A dread lich (Crypt:3)
  An orb of fire (Zot:5)
  2 ancient liches
  A juggernaut (Depths:2)
  Boris (Crypt:3)
  Saint Roka (Orc:2)
  4 Killer Klowns
  Vashnia (Snake:4)
  2 curse toes
  3 caustic shrikes (Depths:4)
  9 golden dragons
  2 doom hounds (Depths:2)
  A shard shrike zombie (Crypt:3)
  A Brimstone Fiend (Zig:4)
  2 electric golems
  15 tentacled monstrosities
  Zenata (Vaults:1)
  2 walking crystal tomes (Depths:2)
  14 Orb Guardians
  Jorgrun (Swamp:3)
  Grunn (Depths:2)
  2 deep elf blademasters (Elf:3)
  2 deep elf master archers (Elf:3)
  2 titans
  A walking divine tome (Depths:2)
  9 quicksilver dragons
  12 acid blobs
  5 liches
  7 death cobs
  4 sphinxes
  2 ancient champions
  4 tengu reavers
  3 draconian monks
  6 shadow dragons
  A thorn hunter (Swamp:2)
  Aizul (Snake:1)
  An azure jelly (Slime:5)
  6 rockslimes
  4 nagarajas (Snake:4)
  2 iron dragons (Depths:2)
  9 storm dragons
  3 draconian knights
  4 fire giants
  6 deep elf sorcerers
  14 frost giants
  4 deep elf elementalists (Elf:3)
  16 vault wardens
  A balrug (Depths:1)
  A juggernaut zombie (Crypt:3)
  Louise (Elf:2)
  3 ghost moths
  4 ghouls (Crypt:2)
  An orc warlord (Orc:2)
  A draconian scorcher (Zot:5)
  3 draconian shifters
  A curse skull (Crypt:2)
  10 quicksilver oozes (Slime:5)
  3 draconian annihilators
  8 stone giants
  3 reapers
  A juggernaut skeleton (Crypt:3)
  3 spriggan defenders (Depths:2)
  8 ironbound thunderhulks
  16 ironbound preservers
  23 very ugly things
  3 black draconians
  A formless jellyfish (Vaults:3)
  7 vampire knights
  Nessos (Lair:3)
  3 green draconians
  8 deep elf demonologists (Elf:3)
  10 dire elephants
  9 deep elf annihilators
  6 eleionomae
  9 purple draconians
  3 white draconians
  A lorocyproca (D:14)
  7 spark wasps
  8 yellow draconians
  7 red draconians
  7 bunyips
  A blizzard demon (Zot:1)
  11 eidola
  12 fire dragons
  8 ettins
  11 crystal guardians
  A mummy priest (Crypt:3)
  10 deep elf death magi
  Josephine (D:11)
  A merfolk impaler (Depths:1)
  8 yaktaur captains
  A shambling mangrove (Swamp:2)
  3 jiangshi (Crypt:2)
  10 great orbs of eyes
  A deep elf high priest (Vaults:5)
  2 entropy weavers
  A spriggan zombie (Crypt:3)
  11 hydras
  3 rakshasas (Depths:2)
  16 vault guards
  13 ice dragons
  A hell beast (Zot:5)
  A catoblepas (Lair:5)
  A fenstrider witch zombie (Crypt:3)
  A peacekeeper (Vaults:4)
  8 spriggan air magi
  Erolcha (Orc:2)
  2 ogre magi (Vaults:5)
  9 ironbound frosthearts
  6 two-headed ogres
  2 ghost crabs
  14 anacondas
  7 centaur warriors
  19 dancing weapons
  2 death knights
  13 death yaks
  20 naga warriors
  2 salamander tyrants (Snake:4)
  8 tengu warriors
  3 boulder beetles
  7 alligators
  8 deep troll shamans
  16 naga sharpshooters
  8 spriggan berserkers
  6 deep troll earth magi
  2 titan zombies (Crypt:3)
  2 orc high priests
  8 shock serpents
  Sonja (Lair:1)
  A sun demon (Depths:3)
  5 hell knights
  6 soul eaters
  10 spriggans
  14 deep elf knights
  5 iron trolls
  5 salamander mystics
  A storm dragon zombie (Crypt:3)
  2 sea snakes (Snake:1)
  5 goliath frogs
  An iron giant zombie (Crypt:3)
  15 skeletal warriors
  8 naga ritualists
  6 glowing orange brains
  51 deep trolls
  A deep troll (shapeshifter) (Depths:2)
  2 spriggan druids
  2 bunyip skeletons (Crypt:3)
  10 deep elf archers
  16 ironbound convokers
  10 necromancers
  An anaconda skeleton (Crypt:3)
  An obsidian statue (Depths:3)
  2 tengu zombies
  9 wizards
  8 bog bodies
  10 swamp dragons
  3 orc knights (Orc:2)
  11 lindwurms
  12 phantasmal warriors
  27 deep elf zephyrmancers
  A manticore (shapeshifter) (Vaults:5)
  A wolf spider (Crypt:3)
  A stone giant zombie (Crypt:3)
  4 manticores
  31 ugly things
  9 salamanders
  33 deep elf pyromancers
  2 human zombies
  6 mana vipers
  7 orc sorcerers
  A cyclops (D:11)
  15 moths of wrath
  3 will-o-the-wisps
  An elf zombie (Vaults:4)
  A draconian zombie (Crypt:3)
  An elephant (shapeshifter) (Depths:2)
  2 dire elephant zombies (Crypt:3)
  A guardian serpent (shapeshifter) (D:14)
  2 fire giant skeletons
  2 stone giant skeletons
  30 black mambas
  9 elephants
  A titan simulacrum (Vaults:4)
  An elf skeleton (Vaults:3)
  2 orange demons
  A guardian serpent (Snake:4)
  13 vault sentinels
  An eye of devastation (Slime:5)
  11 naga magi
  A gargoyle (D:11)
  7 cane toads
  A death yak zombie (Crypt:1)
  2 centaur skeletons (Crypt:3)
  9 komodo dragons
  4 kobold demonologists (D:11)
  3 rime drakes (Lair:5)
  Maggie (D:8)
  2 efreet (D:15)
  5 freezing wraiths
  A hellion (Depths:4)
  A dire elephant skeleton (Crypt:3)
  A guardian mummy (Zig:2)
  19 yaktaurs
  A pale draconian skeleton (Crypt:1)
  2 harpy zombies (Crypt:3)
  3 tengu conjurers
  A yaktaur skeleton (Vaults:3)
  6 tyrant leeches
  10 hellwings (Crypt:3)
  A red devil (Zot:5)
  6 trolls
  A queen bee (D:10)
  A green draconian skeleton (Crypt:1)
  14 hornets
  4 polar bears
  A harpy skeleton (Crypt:3)
  A nameless horror (Depths:2)
  Prince Ribbit (D:5)
  7 dream sheep (Lair:5)
  21 blink frogs
  3 air elementals
  An ettin zombie (Crypt:3)
  A jumping spider (Vaults:2)
  A flying skull (Crypt:1)
  2 deep troll skeletons
  2 shadows
  7 water elementals
  6 wyverns
  2 ettin skeletons
  55 yaks
  3 fire elementals
  77 slime creatures
  4 fire bats (D:14)
  3 vampires
  11 wraiths
  An unseen horror simulacrum (D:9)
  A yak (shapeshifter) (D:13)
  A golden eye (shapeshifter) (D:13)
  3 basilisks
  6 golden eyes (Slime:5)
  4 redbacks
  6 vampire mosquitoes
  A neqoxec (D:12)
  47 nagas
  8 swamp worms
  2 naga zombies (Crypt:3)
  5 wargs
  2 acid dragons
  21 water moccasins
  A human skeleton (Vaults:3)
  A hell hound (D:14)
  An ogre skeleton (Vaults:3)
  A glowing shapeshifter skeleton (Vaults:3)
  5 swamp drakes
  4 ice beasts
  2 sky beasts
  A floating eye (Depths:2)
  39 orc warriors
  6 black bears
  A sky beast (shapeshifter) (Vaults:5)
  2 ogres
  12 wolves
  7 centaurs
  2 kobold brigands
  An earth elemental (Elf:3)
  15 bullfrogs
  A draconian skeleton (Crypt:2)
  2 necrophages (Crypt:2)
  2 wyvern skeletons (Crypt:3)
  4 scorpions
  5 wights
  19 killer bees
  A howler monkey (shapeshifter) (Vaults:5)
  3 howler monkeys (D:9)
  6 electric eels
  4 centaur zombies
  2 lava snakes (D:14)
  18 orc priests
  3 hounds
  An iguana (D:5)
  34 orc wizards
  A boggart skeleton (Crypt:2)
  2 centaur simulacra
  An acid dragon skeleton (Crypt:2)
  A howler monkey zombie (D:9)
  A killer bee simulacrum (D:9)
  5 gnolls
  4 adders
  A shadow imp (D:7)
  6 white imps
  An ufetubus (D:9)
  An iguana skeleton (Crypt:2)
  A worm (D:2)
  2 dart slugs
  77 orcs
  6 endoplasms
  7 giant cockroaches
  5 hobgoblins
  4 jackals (D:1)
  12 kobolds
  2 quokkas (D:1)
  4 ball pythons
  6 bats
  3 frilled lizards (D:3)
  2 goblins
  2 rats (D:3)
  A river rat skeleton (Crypt:2)
1921 creatures vanquished.

Vanquished Creatures (collateral kills)
  2 dread liches (Zot:5)
  An ancient lich (Zot:5)
  Sojobo (Crypt:1)
  the Lernaean hydra (Swamp:4)
  A curse toe (Zot:5)
  2 electric golems
  5 Orb Guardians (Zot:5)
  2 tentacled monstrosities
  A lich (Vaults:5)
  5 titans (Vaults:5)
  An acid blob (Slime:5)
  3 quicksilver dragons
  3 shadow dragons
  A sphinx (Vaults:5)
  A death cob (Zot:1)
  2 storm dragons
  3 tengu reavers
  A rockslime (Slime:5)
  2 azure jellies (Slime:5)
  A revenant (Crypt:2)
  2 balrugs
  A fire giant (shapeshifter) (Vaults:5)
  2 draconian scorchers (Zot:3)
  A vault warden (Vaults:5)
  A deep elf sorcerer (Vaults:5)
  2 draconian shifters
  2 draconian annihilators
  A ghoul (Crypt:2)
  4 quicksilver oozes (Slime:5)
  6 ironbound preservers
  A stone giant (Vaults:5)
  A vampire knight (Crypt:2)
  4 green draconians
  A very ugly thing (Vaults:5)
  3 yellow draconians
  5 black draconians
  5 red draconians
  3 white draconians
  3 purple draconians
  A crystal guardian (Depths:3)
  2 deep elf death magi
  A jiangshi (Crypt:2)
  A mummy priest (Zig:2)
  A deep elf high priest (Vaults:5)
  A hydra (shapeshifter) (Vaults:5)
  16 vault guards (Vaults:5)
  3 yaktaur captains (Vaults:5)
  A death knight (Crypt:2)
  An orc high priest (Zig:3)
  3 hell hogs (Depths:3)
  2 soul eaters
  A sun demon (Depths:3)
  A storm dragon zombie (Crypt:2)
  6 hell knights (Depths:3)
  6 skeletal warriors (Crypt:2)
  Amaemon (Lair:2)
  A swamp dragon (shapeshifter) (Vaults:5)
  2 swamp dragons (Swamp:4)
  7 deep trolls (Vaults:5)
  7 phantasmal warriors
  A flayed ghost (Crypt:2)
  2 bog bodies (Crypt:2)
  A lindwurm (shapeshifter) (Vaults:5)
  2 ironbound convokers (Vaults:5)
  3 necromancers (Crypt:3)
  3 wolf spiders (Crypt:3)
  5 moths of wrath
  3 salamanders (Depths:3)
  A dire elephant zombie (Crypt:2)
  An eye of devastation (Slime:5)
  A smoke demon (Depths:3)
  A hellion (Zig:4)
  3 freezing wraiths
  A yaktaur (Vaults:2)
  A guardian mummy (Zig:2)
  A hellwing (Crypt:3)
  A boulder beetle zombie (Crypt:2)
  2 jumping spiders (Crypt:3)
  2 slime creatures (Slime:5)
  3 flying skulls (Crypt:1)
  A wraith (Crypt:3)
  2 ushabtiu (Crypt:3)
  A swamp worm (Swamp:4)
  4 redbacks (Crypt:3)
  2 swamp drakes (Swamp:4)
  An ogre (Zig:3)
  A necrophage (Crypt:2)
  A yaktaur skeleton (Crypt:2)
  A wyvern skeleton (Crypt:3)
  A polar bear zombie (Crypt:1)
  2 mummies (Zig:2)
207 creatures vanquished.

Vanquished Creatures (others)
  4 Orb Guardians (Zot:5)
  An acid blob (Slime:5)
  A tengu reaver (Vaults:5)
  2 draconian monks (Zot:5)
  3 vault wardens (Vaults:5)
  2 rockslimes (Slime:5)
  2 draconian knights (Zot:5)
  An azure jelly (Slime:5)
  3 draconian scorchers
  2 draconian annihilators
  A draconian stormcaller (Zot:5)
  A draconian shifter (Zot:5)
  A stone giant (Vaults:5)
  An ironbound preserver (Vaults:5)
  A vampire knight (Crypt:2)
  A green draconian (Zot:1)
  A black draconian (Zot:1)
  A yellow draconian (Zot:5)
  2 purple draconians
  4 white draconians
  2 red draconians
  A yaktaur captain (Vaults:5)
  4 vault guards (Vaults:5)
  A naga warrior (Snake:1)
  A sun demon (Depths:3)
  2 skeletal warriors
  An orc sorcerer (Zig:3)
  2 hellwings (Crypt:3)
  A tyrant leech (Swamp:3)
  3 slime creatures (Slime:5)
  An orc warrior (Zig:3)
  An orc wizard (Zig:3)
  A mummy (Crypt:3)
  4 foxfires
60 creatures vanquished.

Grand Total: 2188 creatures vanquished

Notes
Turn   | Place    | Note
-------+----------+-------------------------------------------
     0 | D:1      | Sergey the Kobold Shapeshifter began the quest for the Orb.
     0 | D:1      | Reached XP level 1. HP: 12/12 MP: 1/1
   153 | D:1      | Reached skill level 1 in Stealth
   325 | D:1      | Reached skill level 2 in Stealth
   358 | D:1      | Reached XP level 2. HP: 16/16 MP: 2/2
   475 | D:1      | Reached skill level 1 in Short Blades
  1047 | D:1      | Reached skill level 3 in Stealth
  1057 | D:1      | Reached XP level 3. HP: 14/20 MP: 3/3
  2394 | D:2      | Reached skill level 4 in Stealth
  2431 | D:2      | Found a faded altar of an unknown god.
  2606 | D:2      | Reached XP level 4. HP: 25/25 MP: 4/4
  3015 | D:2      | Found a faded altar of an unknown god.
  5630 | D:3      | Reached XP level 5. HP: 31/31 MP: 5/5
  6227 | D:4      | Identified the +0 pair of boots of the Leaf {rF+++ Regen+
                  | MP-9 Str-3}
  6383 | D:4      | Noticed an ogre
  6687 | D:5      | Entered Level 5 of the Dungeon
  6718 | D:5      | Reached XP level 6. HP: 9/38 MP: 0/6
  6924 | D:5      | Noticed Prince Ribbit
  6966 | D:5      | Found a hazy altar of Hepliaklqana.
  6969 | D:5      | Noticed an ogre
  7111 | D:5      | Found a broken altar of Ashenzari.
  7114 | D:5      | Found a shimmering altar of Xom.
  7203 | D:5      | Reached skill level 5 in Stealth
  7258 | D:5      | Reached skill level 6 in Stealth
  7283 | D:5      | Noticed a sky beast
  7407 | D:5      | Found a radiant altar of Vehumet.
  7671 | D:5      | Reached XP level 7. HP: 43/43 MP: 0/7
  7941 | D:6      | Reached skill level 7 in Stealth
  8344 | D:6      | Reached skill level 8 in Stealth
  9548 | D:5      | Killed Prince Ribbit
  9549 | D:5      | Reached skill level 5 in Fighting
  9549 | D:5      | Reached skill level 5 in Short Blades
  9549 | D:5      | Reached XP level 8. HP: 49/49 MP: 0/8
 10082 | D:7      | Found a staircase to the Ecumenical Temple.
 10088 | Temple   | Entered the Ecumenical Temple
 10094 | Temple   | Became a worshipper of Dithmenos the Shadowed
 10524 | D:7      | Noticed a wyvern
 10587 | D:8      | Noticed Maggie
 10620 | D:8      | Reached skill level 5 in Dodging
 10724 | D:8      | Reached XP level 9. HP: 55/55 MP: 0/9
 10867 | D:8      | Found Xittae's Jewellery Shop.
 10898 | D:8      | Reached skill level 9 in Stealth
 11011 | D:8      | Found an ornate altar of the Wu Jian Council.
 11035 | D:8      | Identified the +2 quarterstaff "Worm's Wrath" {drain, Will+
                  | Dex+4}
 11102 | D:8      | Reached skill level 10 in Stealth
 11102 | D:8      | Reached skill level 1 in Evocations
 11420 | D:5      | Found Doorob's Assorted Antiques.
 11557 | D:6      | Reached * piety under Dithmenos
 11699 | D:8      | Killed Maggie
 11700 | D:8      | Reached skill level 11 in Stealth
 11865 | D:9      | Noticed a polar bear
 11870 | D:9      | Killed a polar bear
 11871 | D:9      | Reached skill level 12 in Stealth
 11895 | D:9      | Reached XP level 10. HP: 58/61 MP: 1/10
 11912 | D:8      | Bought a +5 ring of evasion for 504 gold pieces
 11939 | D:9      | Found Pomir's Book Boutique.
 12152 | D:9      | Found a basalt altar of Yredelemnul.
 12406 | D:5      | Bought a puce potion for 30 gold pieces
 12673 | D:9      | Reached skill level 5 in Evocations
 13026 | D:9      | Noticed a red ugly thing
 13034 | D:9      | Noticed a two-headed ogre
 13060 | D:9      | Killed a red ugly thing
 13063 | D:9      | Killed a two-headed ogre
 13067 | D:9      | Reached XP level 11. HP: 68/68 MP: 2/11
 13117 | D:9      | Reached ** piety under Dithmenos
 13287 | D:10     | Entered Level 10 of the Dungeon
 13340 | D:10     | Found a shimmering blue altar of Sif Muna.
 13369 | D:10     | Found an iron altar of Okawaru.
 13555 | D:10     | Found a burning altar of Makhleb.
 13684 | D:10     | Found a stormy altar of Qazlal.
 13938 | D:10     | Found a staircase to the Lair.
 15044 | D:11     | Noticed a manticore
 15048 | D:11     | Killed a manticore
 15139 | D:11     | Noticed Josephine
 15179 | D:11     | Killed Josephine
 15180 | D:11     | Reached skill level 10 in Short Blades
 15212 | D:11     | Noticed a two-headed ogre
 15215 | D:11     | Reached skill level 10 in Dodging
 15249 | D:11     | Noticed a cyclops
 15274 | D:11     | Killed a cyclops
 15275 | D:11     | Reached skill level 10 in Fighting
 15309 | D:11     | Reached skill level 1 in Invocations
 15708 | D:6      | Reached XP level 12. HP: 77/77 MP: 4/13
 16528 | D:5      | Bought a scroll of identify for 68 gold pieces
 16848 | D:11     | Noticed a two-headed ogre
 16870 | D:11     | Killed a two-headed ogre
 16871 | D:11     | Reached skill level 13 in Stealth
 17431 | D:9      | Reached *** piety under Dithmenos
 17541 | D:9      | Reached skill level 14 in Stealth
 17735 | Lair:1   | Entered Level 1 of the Lair of Beasts
 17812 | Lair:1   | Learned a level 3 spell: Dazzling Flash
 17929 | Lair:1   | Reached skill level 15 in Stealth
 17929 | Lair:1   | Reached skill level 1 in Hexes
 17947 | Lair:1   | Reached skill level 1 in Spellcasting
 17947 | Lair:1   | Reached skill level 1 in Conjurations
 18439 | Lair:1   | Noticed Sonja
 18444 | Lair:1   | Killed Sonja
 18927 | Lair:2   | Noticed Amaemon
 18950 | Lair:2   | Killed Amaemon
 18951 | Lair:2   | Reached XP level 13. HP: 46/82 MP: 9/18
 19257 | Lair:2   | Reached skill level 5 in Conjurations
 19257 | Lair:2   | Reached skill level 5 in Hexes
 19586 | Lair:2   | Found a staircase to the Swamp.
 19799 | Lair:2   | Reached **** piety under Dithmenos
 20499 | Lair:3   | Found a staircase to the Snake Pit.
 20766 | Lair:3   | Reached skill level 16 in Stealth
 21292 | Lair:3   | Noticed Nessos
 21297 | Lair:3   | Killed Nessos
 21298 | Lair:3   | Reached skill level 17 in Stealth
 21562 | Lair:3   | Noticed an eight-headed hydra
 22102 | D:8      | Bought a ring of protection from cold for 350 gold pieces
 22420 | Lair:4   | Reached XP level 14. HP: 88/88 MP: 11/20
 22487 | Lair:4   | Reached ***** piety under Dithmenos
 22563 | Lair:4   | Reached skill level 18 in Stealth
 22846 | Lair:4   | Found a staircase to the Slime Pits.
 23010 | Lair:4   | Identified the +5 rapier "Juotz" {heavy, rF+ Int-3 Dex+3}
 23450 | Lair:5   | Entered Level 5 of the Lair of Beasts
 23680 | Lair:5   | Found a glowing golden altar of the Shining One.
 23968 | Lair:5   | Identified the +4 scale mail of Agnosticism {rN+ Dex+5}
 24617 | Lair:5   | Learned a level 2 spell: Ensorcelled Hibernation
 25082 | Lair:5   | Reached skill level 1 in Ice Magic
 26332 | D:10     | Learned a level 2 spell: Jinxbite
 26337 | D:10     | Learned a level 4 spell: Cause Fear
 26499 | D:10     | Reached skill level 1 in Armour
 26857 | D:12     | Found a staircase to the Orcish Mines.
 27362 | D:12     | Reached XP level 15. HP: 96/96 MP: 9/21
 28224 | D:13     | Found a gate to the Vaults.
 29888 | Orc:1    | Entered Level 1 of the Orcish Mines
 30027 | Orc:1    | Reached skill level 5 in Armour
 30233 | Orc:1    | Found Zicwuff's Vocational Training.
 30459 | Orc:2    | Entered Level 2 of the Orcish Mines
 30935 | Orc:2    | Noticed Saint Roka
 31042 | Orc:2    | Noticed Erolcha
 31094 | Orc:2    | Killed Erolcha
 31605 | Orc:2    | Noticed an orc warlord
 31625 | Orc:2    | Killed an orc warlord
 32320 | Orc:2    | Found a staircase to the Elven Halls.
 32342 | Orc:2    | Found a runed translucent gate.
 32342 | Orc:2    | Found a runed translucent gate.
 32342 | Orc:2    | Found a runed translucent gate.
 32343 | Orc:2    | Noticed Zgarb's ghost (journeyman NaIE)
 32552 | Orc:2    | Killed Saint Roka
 32553 | Orc:2    | Reached skill level 5 in Spellcasting
 32634 | Orc:2    | Noticed incide's ghost (journeyman DsWn)
 32808 | Orc:2    | Noticed heinrich's ghost (journeyman DsFE)
 33033 | Orc:2    | Reached XP level 16. HP: 99/100 MP: 9/24
 33244 | Orc:2    | Found Soci's General Store.
 33275 | Orc:2    | Found Toas's Antique Weapon Boutique.
 33291 | Orc:2    | Found Wusmiov's Antique Armour Boutique.
 33308 | Orc:2    | Found Novoun's Jewellery Boutique.
 33384 | Orc:2    | Bought a bloodstained scimitar for 279 gold pieces
 33384 | Orc:2    | Identified the +6 scimitar "Kosegury" {heavy, rF+ Stlth+}
                  | (You bought it in a shop on level 2 of the Orcish Mines)
 33401 | Orc:2    | Bought a runed scarf for 320 gold pieces
 33401 | Orc:2    | Bought a pair of runed gloves for 300 gold pieces
 33656 | D:5      | Bought a runed glass ring for 170 gold pieces
 33870 | Snake:1  | Entered Level 1 of the Snake Pit
 33961 | Snake:1  | Noticed Aizul
 33993 | Snake:1  | Killed Aizul
 34189 | Snake:1  | Reached skill level 19 in Stealth
 34451 | Snake:1  | Learned a level 5 spell: Silence
 34459 | Snake:1  | Learned a level 7 spell: Enfeeble
 34522 | Snake:1  | Found a hazy altar of Hepliaklqana.
 34612 | Snake:1  | Reached ****** piety under Dithmenos
 35005 | Snake:1  | Found Maotehap's Weapon Shoppe.
 35010 | Snake:1  | Found Oclijabu's Weapon Shoppe.
 35662 | Snake:1  | Reached skill level 10 in Hexes
 36157 | Snake:1  | Reached skill level 20 in Stealth
 36601 | Snake:2  | Reached skill level 1 in Air Magic
 37118 | Snake:2  | Identified the +3 sling of Popular Demand {flame, rCorr
                  | Int+4}
 37426 | Snake:2  | Found Buexkilyz's Assorted Antiques.
 37433 | Snake:2  | Bought a scroll labelled DELARA SOORYNO for 42 gold pieces
 37826 | Snake:3  | Found a frozen archway.
 37829 | IceCv    | Entered an ice cave
 38120 | Snake:3  | Reached XP level 17. HP: 106/106 MP: 20/29
 38481 | Snake:3  | Noticed Mara
 38484 | Snake:3  | Noticed Sergey's illusion
 38507 | Snake:3  | Reached skill level 5 in Air Magic
 39098 | Snake:4  | Entered Level 4 of the Snake Pit
 39966 | Snake:4  | Noticed Vashnia
 39984 | Snake:4  | Killed Vashnia
 40803 | Swamp:1  | Entered Level 1 of the Swamp
 42560 | Snake:4  | Reached XP level 18. HP: 111/112 MP: 9/30
 43413 | Snake:4  | Reached skill level 15 in Dodging
 43522 | Snake:4  | Got a serpentine rune of Zot
 44340 | Swamp:2  | Reached skill level 21 in Stealth
 45387 | Swamp:3  | Reached skill level 22 in Stealth
 45713 | Swamp:3  | Noticed Jorgrun
 45717 | Swamp:3  | Killed Jorgrun
 46168 | Swamp:4  | Entered Level 4 of the Swamp
 46271 | Swamp:4  | Reached skill level 23 in Stealth
 46502 | Swamp:4  | Reached XP level 19. HP: 116/116 MP: 22/31
 46792 | Swamp:4  | Reached skill level 24 in Stealth
 46875 | Swamp:4  | Noticed the 27-headed Lernaean hydra
 47216 | Vaults:5 | Identified the "Iluokit"
 47216 | Depths:2 | Identified the "Goishri"
 47216 | Elf:1    | Entered Level 1 of the Elven Halls
 47689 | Elf:1    | Reached skill level 25 in Stealth
 48199 | Elf:1    | Reached skill level 5 in Invocations
 48508 | Elf:1    | Paralysed by an air elemental for 1 turns
 48517 | Elf:1    | Paralysed by an air elemental for 1 turns
 48522 | Elf:1    | Paralysed by an air elemental for 1 turns
 48847 | Elf:1    | Identified the +0 ring mail of Instinct {rElec rPois Int-2
                  | Dex+3}
 49199 | Elf:2    | Found a runed translucent gate.
 49200 | Elf:2    | Found a runed translucent gate.
 49201 | Elf:2    | Found a runed translucent gate.
 49433 | Elf:2    | Found Eheriv's Assorted Antiques.
 49673 | Elf:2    | Found a huge runed translucent gate.
 49673 | Elf:2    | Noticed Louise
 49675 | Elf:2    | Found a huge runed translucent gate.
 49677 | Elf:2    | Killed Louise
 49678 | Elf:2    | Found a huge runed translucent gate.
 49678 | Elf:2    | Found a huge runed translucent gate.
 49712 | Elf:2    | Found a huge runed translucent gate.
 50033 | D:15     | Entered Level 15 of the Dungeon
 50212 | D:15     | Noticed Roxanne
 50292 | D:15     | Found a staircase to the Depths.
 50365 | D:15     | Found a sacrificial altar of Ru.
 50402 | D:15     | Identified the +9 dire flail "Spider's Death Toll" {heavy,
                  | rF+ rN+}
 50930 | Vaults:1 | Entered Level 1 of the Vaults
 50943 | Vaults:1 | Reached skill level 10 in Invocations
 51011 | Vaults:1 | Found Ziteoron's Jewellery Emporium.
 51317 | Vaults:1 | Found Uttech's Weapon Emporium.
 51367 | Vaults:1 | Reached XP level 20. HP: 122/122 MP: 20/32
 51420 | Vaults:1 | Found Kisuekus's Jewellery Shop.
 51587 | Vaults:1 | Found Ledemi's Assorted Antiques.
 51592 | Vaults:1 | Bought a glowing cloak for 277 gold pieces
 51592 | Vaults:1 | Bought a scroll of enchant armour for 277 gold pieces
 51718 | Vaults:1 | Found a transporter.
 52485 | Vaults:1 | Reached skill level 26 in Stealth
 52493 | Vaults:1 | Noticed Zenata
 52673 | Orc:2    | Bought a phial of floods for 520 gold pieces
 52849 | Vaults:1 | Killed Zenata
 53160 | Vaults:1 | Found a transporter.
 53514 | Vaults:2 | Reached skill level 27 in Stealth
 53805 | Vaults:2 | Identified the +3 arbalest of Generosity {penet, rF- Int+3
                  | Dex+2 Stlth+}
 54560 | Vaults:2 | Reached XP level 21. HP: 128/128 MP: 20/33
 55587 | Vaults:3 | Found Moutikh's Armour Shoppe.
 55782 | Vaults:3 | Found a transporter.
 55799 | Vaults:3 | Found a transporter.
 55835 | Vaults:3 | Noticed a golden dragon
 56518 | Vaults:3 | Paralysed by a sphinx for 2 turns
 56525 | Vaults:3 | Reached skill level 10 in Evocations
 56680 | Vaults:3 | Found a staircase to the Crypt.
 57543 | Vaults:4 | Found Lanlabefae's Distillery.
 57543 | Vaults:4 | Identified the +0 leather armour "Ypnymmo" {-Tele Fly rCorr
                  | Str+5}
 57548 | Vaults:4 | Bought a potion of heal wounds for 105 gold pieces
 57548 | Vaults:4 | Bought a potion of resistance for 210 gold pieces
 57548 | Vaults:4 | Bought a potion of invisibility for 168 gold pieces
 57802 | Vaults:4 | Reached skill level 1 in Shields
 57817 | Vaults:4 | Reached XP level 22. HP: 129/138 MP: 21/34
 58109 | Vaults:4 | Identified a scroll of acquirement
 58316 | Vaults:4 | Identified the of Nuwkomagh (You acquired it on level 4 of
                  | the Vaults)
 58316 | Vaults:4 | Acquired the amulet "Arouthid" {RegenMP rC+ Will+++ Dex-3
                  | Stlth+}
 59134 | Elf:3    | Identified the "Ywoitiz"
 59134 | Elf:3    | Identified the "Zulisk"
 59134 | Elf:3    | Identified the of Ilaup
 59134 | Elf:3    | Entered Level 3 of the Elven Halls
 59199 | Elf:3    | Reached skill level 15 in Fighting
 59582 | Elf:3    | Found Yteidack's Antique Armour Shop.
 60821 | Elf:3    | Identified the staff "Aschi" {rElec rC++ rN+ SInv Necro}
 61396 | Elf:3    | Identified the amulet of the Imp {RegenMP rF+}
 61515 | Elf:3    | Reached skill level 15 in Hexes
 61849 | Elf:3    | Found the +10 tower shield of Ignorance {rN+ Int-4}
 61867 | Elf:3    | Learned a level 8 spell: Discord
 61901 | Elf:3    | Identified the +7 chain mail of Toduwnou {Drain +Inv Str+8}
 62315 | Depths:1 | Entered Level 1 of the Depths
 62817 | Depths:1 | Learned a level 5 spell: Summon Mana Viper
 62953 | Depths:1 | Found a glowing silver altar of Zin.
 63072 | Depths:1 | Found Niazees's Book Shoppe.
 63072 | Depths:1 | Found Unafyske's Book Shoppe.
 63073 | Depths:1 | Found Norchuf's Jewellery Shop.
 63370 | Depths:1 | Found a gateway to Hell.
 63451 | Depths:1 | Reached XP level 23. HP: 144/144 MP: 26/35
 63607 | Depths:1 | You fall into a shaft and drop 1 floor!
 63984 | Depths:2 | Reached skill level 15 in Evocations
 64267 | Depths:2 | Found a one-way gate to the infinite horrors of the Abyss.
 64600 | Depths:2 | Noticed Grunn
 64606 | Depths:2 | Killed Grunn
 65136 | Snake:2  | Bought a phantom mirror for 1680 gold pieces
 65395 | Swamp:4  | Killed the 27-headed Lernaean hydra
 65421 | Swamp:4  | Acquired the +2 hat of the Pink Corner {Will+ MP+9}
 65464 | Swamp:4  | Got a decaying rune of Zot
 66458 | Depths:2 | Found a one-way gate leading to the halls of Pandemonium.
 66910 | Depths:2 | Identified the +5 hand cannon of Stickiness {drain, Str+2
                  | Dex+2}
 66916 | Depths:2 | Noticed a golden dragon
 66918 | Depths:2 | Killed a golden dragon
 66919 | Depths:2 | Reached XP level 24. HP: 150/150 MP: 35/35
 66976 | Depths:2 | Identified the +6 scimitar of the Tundras {heavy, rC-
                  | Will++ Str+9 Int-3}
 67073 | Depths:2 | Noticed a juggernaut
 67080 | Depths:2 | Killed a juggernaut
 67967 | Depths:3 | Found a shimmering blue altar of Sif Muna.
 68226 | Depths:3 | Found a gateway to a bazaar.
 69330 | Depths:4 | Entered Level 4 of the Depths
 69489 | Depths:4 | Identified the +8 bardiche of Circularity {freeze, +Blink
                  | rN+ Dex-3}
 69767 | Depths:4 | Found a gate to the Realm of Zot.
 69918 | Depths:4 | Noticed a golden dragon
 69919 | Depths:4 | Found a one-way gateway to a ziggurat.
 69922 | Depths:4 | Killed a golden dragon
 70402 | Depths:4 | Noticed a caustic shrike
 70402 | Depths:4 | Noticed a caustic shrike
 70403 | Depths:4 | Noticed a caustic shrike
 70404 | Depths:4 | Killed a caustic shrike
 70414 | Depths:4 | Killed a caustic shrike
 70415 | Depths:4 | Reached XP level 25. HP: 155/155 MP: 25/35
 70416 | Depths:4 | Killed a caustic shrike
 71090 | Slime:1  | Entered Level 1 of the Pits of Slime
 71329 | Slime:5  | Identified the of Xovepn
 71329 | Slime:5  | Identified the "Puggeuwk"
 71329 | Slime:5  | Identified the "Jeanusm"
 71329 | Slime:5  | Identified the of Cotzeg
 71329 | Slime:5  | Entered Level 5 of the Pits of Slime
 71823 | Slime:5  | Noticed the Royal Jelly
 71830 | Slime:5  | the Royal Jelly changed into a rockslime shaped Royal Jelly
 71830 | Slime:5  | Noticed a rockslime shaped Royal Jelly
 71832 | Slime:5  | Killed a rockslime shaped Royal Jelly
 72309 | Slime:5  | Identified the ring of Lufemi {Wiz Str+2 Dex+4}
 72322 | Slime:5  | Identified the staff "Goblinslayer" {rElec rF++ rCorr Int+2
                  | Tloc Air}
 72323 | Slime:5  | Identified the +5 orcbow "Jecyitwuh" {freeze, rC+ Will+
                  | Dex-2}
 72336 | Slime:5  | Identified the +5 rapier "Pisaj" {drain, Int+2}
 72340 | Slime:5  | Got a slimy rune of Zot
 72343 | Slime:5  | Identified the +6 falchion of Locus Delicti {pain, *Rage
                  | rPois Will+++ Dex+6}
 72358 | Slime:5  | Identified the amulet "Buaq Bil" {+Blink rElec Regen+ Str+3
                  | Dex+2}
 72387 | Slime:5  | Identified the +5 shortbow "Fish" {flame, rC- rCorr Int+5}
 72390 | Slime:5  | Identified the +1 chain mail of Starshine {Contam Rampage
                  | rPois Str+2}
 72395 | Slime:5  | Identified the +8 chain mail "Lowur" {Contam Regen+ MP+9
                  | Str+6}
 72948 | Bazaar   | Entered a bazaar
 72962 | Bazaar   | Found Itetrot's Assorted Antiques.
 72978 | Bazaar   | Found Ruoff's Distillery.
 72994 | Bazaar   | Found Socrif's Magic Scroll Shoppe.
 72994 | Bazaar   | Found Hevatt's Book Emporium.
 73055 | Bazaar   | Bought a potion of heal wounds for 55 gold pieces
 73055 | Bazaar   | Bought a potion of magic for 88 gold pieces
 73055 | Bazaar   | Bought a potion of might for 44 gold pieces
 73055 | Bazaar   | Bought 2 potions of curing for 66 gold pieces
 73055 | Bazaar   | Bought a potion of heal wounds for 55 gold pieces
 73055 | Bazaar   | Bought a potion of haste for 110 gold pieces
 73069 | Bazaar   | Bought a scroll of summoning for 104 gold pieces
 73069 | Bazaar   | Bought a scroll of fear for 44 gold pieces
 73069 | Bazaar   | Bought a scroll of teleportation for 33 gold pieces
 73089 | Depths:3 | Acquired 998 gold pieces
 73139 | Depths:1 | Bought the ring "Ojirebla" {rC+ Will+ Int+5} for 990 gold
                  | pieces
 73218 | Zot:1    | Entered Level 1 of the Realm of Zot
 73238 | Zot:1    | Noticed a curse toe
 73240 | Zot:1    | Killed a curse toe
 73355 | Zot:1    | Learned a level 3 spell: Teleport Other
 73412 | Zot:1    | Reached skill level 1 in Translocations
 73682 | Zot:1    | Identified the +5 ring mail of Boredom {*Slow rPois rF+
                  | SInv}
 74714 | Zot:2    | Noticed a Killer Klown
 74734 | Zot:2    | Killed a Killer Klown
 74735 | Zot:2    | Reached skill level 10 in Spellcasting
 75587 | Zot:3    | Reached skill level 5 in Translocations
 75627 | Zot:3    | Reached XP level 26. HP: 160/160 MP: 37/37
 75763 | Zot:3    | Identified the +0 short sword of Embarrassment {venom,
                  | rElec}
 76418 | Zot:4    | Noticed a curse toe
 77037 | Zot:4    | Noticed a Killer Klown
 77042 | Zot:4    | Killed a Killer Klown
 77087 | Zot:4    | Killed a curse toe
 77497 | Zot:5    | Entered Level 5 of the Realm of Zot
 77533 | Zot:5    | Noticed a Killer Klown
 77536 | Zot:5    | Killed a Killer Klown
 78013 | Zot:5    | Noticed an orb of fire
 78235 | Zot:5    | Noticed an orb of fire
 78427 | Zot:5    | Killed an ancient lich
 78772 | Zot:5    | Noticed a dread lich
 78774 | Zot:5    | Noticed an orb of fire
 78787 | Zot:5    | Gained mutation: You occasionally lose the ability to drink
                  | potions when taking damage. [an orb of fire]
 78831 | Zot:5    | Lost mutation: You occasionally lose the ability to drink
                  | potions when taking damage. [potion of mutation]
 78831 | Zot:5    | Gained mutation: You have supernaturally acute eyesight.
                  | (SInv) [potion of mutation]
 79405 | Vaults:5 | Entered Level 5 of the Vaults
 79805 | Vaults:5 | Reached XP level 27. HP: 132/169 MP: 26/38
 81277 | Vaults:5 | Identified the +6 spear of Crusades {elec, rElec}
 81366 | Vaults:5 | Got a silver rune of Zot
 81723 | Vaults:5 | Identified the +6 plate armour of Poloz {Int+2 Dex+3}
 82116 | Orc:1    | Bought a manual of Evocations for 1120 gold pieces
 82749 | Crypt:1  | Entered Level 1 of the Crypt
 82768 | Crypt:1  | Noticed Jory
 83159 | Crypt:2  | Identified the +5 flail "Ruhiajix" {freeze, rElec Will+}
 83737 | Crypt:3  | Entered Level 3 of the Crypt
 83859 | Crypt:3  | Noticed Boris
 83865 | Crypt:3  | Killed Boris
 84057 | Crypt:3  | Noticed a dread lich
 84059 | Crypt:3  | Found the +8 Vampire's Tooth {megavamp}
 84062 | Crypt:3  | Killed a dread lich
 84067 | Crypt:3  | Noticed an ancient lich
 84068 | Crypt:3  | Identified the +3 sling of Yrpham {flame, Int+4}
 84071 | Crypt:3  | Killed an ancient lich
 84217 | Crypt:3  | Identified the +7 rapier of Radicalism {vamp, *Noise rN+
                  | Dex+2}
 84219 | Crypt:3  | Identified the staff "Kabbung" {rElec rN+ Dex+3 Air}
 84640 | Crypt:3  | Found an ancient bone altar of Kikubaaqudgha.
 85291 | Crypt:3  | Identified the +6 spear of True Grit {speed, *Noise Str+6
                  | Int-3}
 86055 | Crypt:3  | Found a staircase to the Tomb.
 86493 | Crypt:1  | Noticed Sojobo
 86495 | Crypt:1  | Killed Sojobo
 87024 | Tar:7    | Identified the "Totet"
 87024 | Tar:7    | Identified the "Qyichura"
 87024 | Tar:7    | Identified the "Eliuc"
 87024 | Dis:7    | Identified the "Gyvvuq"
 87024 | Zig:1    | Entered Level 1 of a ziggurat
 87031 | Zig:1    | Identified the +2 leather armour of Mysticism {rF+ Int+4
                  | Slay+2}
 87034 | Zig:2    | Entered Level 2 of a ziggurat
 87074 | Zig:3    | Entered Level 3 of a ziggurat
 87118 | Zig:4    | Entered Level 4 of a ziggurat
 87551 | Zot:5    | Killed a dread lich
 88103 | Vaults:1 | Bought the ring "Molap" {rElec Will- MP+9 Str+5 Stlth+} for
                  | 948 gold pieces
 89641 | Zot:5    | Noticed an ancient lich
 90028 | Zot:5    | Killed an ancient lich
 90201 | Zot:5    | Noticed a Killer Klown
 90213 | Zot:5    | Killed a Killer Klown
 90425 | Zot:5    | Killed a dread lich
 90989 | Zot:5    | Gained mutation: You occasionally lose the ability to read
                  | scrolls when taking damage. [an orb of fire]
 90999 | Zot:5    | Killed an orb of fire
 91002 | Zot:5    | Lost mutation: You occasionally lose the ability to read
                  | scrolls when taking damage. [potion of mutation]
 91002 | Zot:5    | Lost mutation: You have supernaturally acute eyesight.
                  | (SInv) [potion of mutation]
 91002 | Zot:5    | Gained mutation: You occasionally lose the ability to drink
                  | potions when taking damage. [potion of mutation]
 91002 | Zot:5    | Gained mutation: You are somewhat resistant to further
                  | mutation. [potion of mutation]
 91003 | Zot:5    | Lost mutation: You are somewhat resistant to further
                  | mutation. [potion of mutation]
 91003 | Zot:5    | Lost mutation: You occasionally lose the ability to drink
                  | potions when taking damage. [potion of mutation]
 91003 | Zot:5    | Gained mutation: Your body sometimes deteriorates upon
                  | taking damage. [potion of mutation]
 91003 | Zot:5    | Gained mutation: You occasionally lose the ability to drink
                  | potions when taking damage. [potion of mutation]
 91004 | Zot:5    | Lost mutation: You occasionally lose the ability to drink
                  | potions when taking damage. [potion of mutation]
 91004 | Zot:5    | Lost mutation: Your body sometimes deteriorates upon taking
                  | damage. [potion of mutation]
 91004 | Zot:5    | Gained mutation: You occasionally lose the ability to drink
                  | potions when taking damage. [potion of mutation]
 91005 | Zot:5    | Lost mutation: You occasionally lose the ability to drink
                  | potions when taking damage. [potion of mutation]
 91005 | Zot:5    | Gained mutation: Your body sometimes deteriorates upon
                  | taking damage. [potion of mutation]
 91005 | Zot:5    | Gained mutation: You are strong-willed. (Will+) [potion of
                  | mutation]
 91051 | Zot:5    | Got the Orb of Zot
 91602 | D:5      | Noticed Pygoshrin the pandemonium lord
 91704 | D:$      | Escaped with the Orb!

Illustrated notes

Levels and vault maps discovered:
D:1:      psy_arrival_dodecagon, layout_basic
D:2:      layout_basic, chequers_ecumenical_altar_simple
D:3:      layout_loops_cross, minivault_19
D:4:      layout_loops_cross, serial_bayou_crossing
D:5:      layout_basic, nicolae_vehumet_altar_sigil,
          mainiacjoe_overflow_boulevard, jmf_multi_god_temple,
          kennysheep_windowed_goal, uniq_prince_ribbit1
D:6:      layout_cave_pods
D:7:      layout_gridville, temple_green, nrook_campfire
D:8:      layout_cave_pools, nicolae_wu_jian_glorious_leap, serial_shops, shop,
          patterned_corridor, uniq_maggie
D:9:      minmay_slanted_spiral_squares, layout_rooms,
          lemuel_zombie_altar_yredelemnul, serial_shops,
          nicolae_shop_tiny_real_fake_doors, serial_ice, serial_ice_e,
          serial_ice_d, serial_ice_n, serial_ice_l, serial_ice_m, serial_ice_o,
          lightli_corner_chamber
D:10:     layout_cave_pools, lemuel_doored_altar, lightli_temple_of_fire,
          mainiacjoe_overflow_two_lobes, david_lair_shrubbed,
          nicolae_looking_at_the_future
D:11:     kennysheep_six_static_rooms, layout_irregular_city,
          minmay_lindwurm_lava, uniq_josephine
D:12:     layout_roguey, minmay_orc_entry_temple_small
D:13:     layout_layer_cave, erik_vaults_1
D:14:     layout_rooms, serial_park_tiny_1, hangedman_decor_points,
          hangedman_incinerator
D:15:     grunt_enter_depths_snipers, layout_basic, hangedman_ru_absence,
          uniq_roxanne
Temple:   nicolae_temple_no_exploring_needed
Lair:1:   layout_chaotic_city, uniq_sonja
Lair:2:   layout_regular_city, swamp_mist, chequers_serial_rivers_marsh,
          minivault_25, grunt_megastairs_5, lemuel_fruit_fields, uniq_amaemon
Lair:3:   layout_cave_pods, minmay_snake_entry_six_corridors, disabler_island,
          uniq_nessos
Lair:4:   layout_cave_pods, dpeg_slime_entry_corner, infiniplex_staircase_pool,
          grunt_megastairs_1
Lair:5:   grunt_lair_end_beastmaster, layout_gridlike, basic_altar
Swamp:1:  layout_basic_swamp, nicolae_swamp_rocky_clearing
Swamp:2:  layout_basic_swamp, evilmike_swamp_ruin_house_5, swamp_pool1
Swamp:3:  layout_falls_marsh, serial_swamp_ruin, evilmike_swamp_ruin_house_6,
          evilmike_swamp_ruin_rubble_2, evilmike_swamp_ruin_house_1,
          hangedman_swamp_blocks, uniq_jorgrun
Swamp:4:  swamp_old_school, layout_basic_swamp
Snake:1:  layout_basic, basic_altar, grunt_megastairs_3, lemuel_fruit_tree,
          serial_bayou_shore_a, minmay_shop_star, uniq_aizul
Snake:2:  layout_cave_town, serial_shops, shop
Snake:3:  layout_grid_shapes, portal_ice_cave_entry_ice_statue_one, uniq_mara
Snake:4:  minmay_snake_end_coiled, layout_cave_town, st_stairs_12, uniq_vashnia
Slime:1:  layout_caves
Slime:2:  cheibrodos_slime_lost_civilization_10, layout_caves,
          nicolae_slime_welcoming_committee
Slime:3:  nicolae_slime_jelly_donut, layout_caves
Slime:4:  layout_caves
Slime:5:  slime_pit_nicolae_royal_road_to_ruin
Orc:1:    layout_caves, nicolae_shop_vocational
Orc:2:    grunt_orc_cross, layout_diamond_mine, gammafunk_ghost_cemetery,
          uniq_erolcha, uniq_saint_roka
Elf:1:    eino_elf_arrival_the_gate, layout_onion_city,
          hangedman_elven_crosses_minicolossus
Elf:2:    elven_hall_of_blades_hangedman_alternative [grunt_blade_entry_basic],
          layout_loops_cross, serial_shops, nicolae_shop_dealshenge,
          gammafunk_ghost_cemetery, uniq_azrael, uniq_louise
Elf:3:    grunt_elf_hall_asides, layout_loops_corners, serial_shops, shop,
          st_stairs_7, nicolae_elf_big_sculpture_2
Vaults:1: nicolae_vaults_double_plus_1, nicolae_vaults_statue_guard,
          vaults_room_pools, vaults_dpeg_hooks, nicolae_vaults_tangram_1,
          nicolae_vaults_network_square, nicolae_vaults_sightless_eye,
          nicolae_vaults_ellipses_ellipsis, ontoclasm_vaults_ligature, v_misc_2,
          v_misc_26, vaults_room_pools, layout_vaults_big_room, serial_shops,
          shop, shop, nicolae_shop_crystal, nicolae_shop_drivethru, shop,
          uniq_zenata
Vaults:2: nicolae_vaults_double_plus_3, nicolae_vaults_yaktaur_gun_rack,
          vaults_dpeg_cross, hangedman_vaults_slither,
          nicolae_vaults_what_the_h, nicolae_vaults_murder_corner,
          nicolae_vaults_alarming, nicolae_vaults_diagonal_hallway_8,
          hangedman_vaults_stretched_pinwheel,
          nicolae_vaults_trapezoid_lopsided_3, vaults_dpeg_diagonal,
          grunt_vaults_diagonal, hangedman_vaults_snaps, layout_vaults_quadrants
Vaults:3: hangedman_vaults_river_flow, nicolae_vaults_triangles,
          gammafunk_the_bubble [the_bubble_gammafunk_split], v_misc_14,
          minmay_crypt_entry_skeletal_spiral, ontoclasm_vaults_ring_small,
          nicolae_vaults_taking_the_gang_shopping, v_pattern_2,
          nicolae_vaults_storage_room_statues, vaults_room_fours,
          nicolae_vaults_six-pack, nicolae_vaults_trapezoid_3,
          layout_vaults_big_cross
Vaults:4: hangedman_vaults_hat, vaults_room_ringed_pool, vaults_dpeg_doors,
          vaults_mumra_hexcomb, st_spiral_rooms, v_misc_18, v_alt_pattern_6,
          nicolae_vaults_wine_cellar, nicolae_vaults_diagonal_hallway_7,
          nicolae_vaults_weapon_check, v_alt_pattern_4,
          ontoclasm_vaults_ring_small, nicolae_vaults_little_squares_4,
          nicolae_vaults_two_Ls, nicolae_vaults_variable_pillar_hall,
          layout_vaults_ring, serial_shops, shop
Vaults:5: serial_shops
Crypt:1:  layout_rooms, uniq_sojobo, uniq_margery, uniq_jory
Crypt:2:  layout_rooms
Crypt:3:  evilmike_haunted_forest, uniq_boris
Depths:1: layout_gridlike, pf_dread_powers_of_hell,
          hangedman_decor_diamond_cutter, zin_angel, minmay_shop_grove,
          serial_bayou_shore_b
Depths:2: minmay_the_grid_ultimate [minmay_the_grid_prize_inner_circle,
          minmay_the_grid_prize_shrinking_boxes,
          minmay_the_grid_prize_diamond_cup,
          minmay_the_grid_prize_four_corners_diamond_b,
          minmay_the_grid_square_5x5_c, minmay_the_grid_square_5x5_hourglass,
          minmay_the_grid_square_5x5_three_small,
          minmay_the_grid_square_5x5_tri_point,
          minmay_the_grid_square_5x5_seven,
          minmay_the_grid_square_5x5_three_walls,
          minmay_the_grid_square_5x5_n_small, minmay_the_grid_square_5x5_forky,
          minmay_the_grid_square_5x5_almost_minimal,
          minmay_the_grid_square_5x5_gyroscope,
          minmay_the_grid_square_5x5_shrine1,
          minmay_the_grid_square_5x5_percent, minmay_the_grid_square_5x5_three,
          minmay_the_grid_square_5x5_dogpile, minmay_the_grid_square_5x5_tie,
          minmay_the_grid_triangle_9x9_limited_checkers,
          minmay_the_grid_triangle_9x9_cache,
          minmay_the_grid_triangle_9x9_zippers_horizontal,
          minmay_the_grid_triangle_9x9_checkered,
          minmay_the_grid_triangle_9x9_corruption,
          minmay_the_grid_triangle_9x9_steps,
          minmay_the_grid_triangle_9x9_intruding_spiral,
          minmay_the_grid_triangle_9x9_alien,
          minmay_the_grid_triangle_9x9_wacky_v,
          minmay_the_grid_triangle_9x9_sprig,
          minmay_the_grid_triangle_9x9_corrupted_corridor,
          minmay_the_grid_triangle_9x9_empty,
          minmay_the_grid_triangle_9x9_longest,
          minmay_the_grid_triangle_9x9_swiss_cheese,
          minmay_the_grid_triangle_9x9_flanged_cone,
          minmay_the_grid_triangle_9x9_dagger,
          minmay_the_grid_square_5x5_broken_cross,
          minmay_the_grid_octo_tetromino_candy, minmay_the_grid_octo_clover,
          minmay_the_grid_octo_checkered, minmay_the_grid_octo_toaster,
          minmay_the_grid_octo_clover_2, minmay_the_grid_octo_77,
          minmay_the_grid_octo_thin_diamonds, minmay_the_grid_octo_odd_swirl,
          minmay_the_grid_zigzag_pyramid, minmay_the_grid_tree,
          minmay_the_grid_minigrid_medium, minmay_the_grid_spin_star],
          abyss_entry, pan_entry, hell_entry, uniq_grunn
Depths:3: minmay_crystal_thing, layout_gridlike, abyss_entry, hellmouth_3,
          serial_shops, statue_bzr, minivault_14
Depths:4: evilmike_zot_entry_round, layout_honeycomb, enter_ziggurat_a,
          grunt_hell_entry_dis_grunt, grunt_pan_entry_spiral, uniq_josephina
Zot:1:    layout_basic
Zot:2:    layout_cathedral_of_symmetry
Zot:3:    layout_onion_interference
Zot:4:    layout_gridville, lemuel_elevator
Zot:5:    layout_onion, nrook_zot_tub

Skill      XL: |  1  2  3  4  5  6  7  8  9 10 11 12 13 14 15 16 17 18 19 20 21 22 23 24 25 26 27 |
---------------+----------------------------------------------------------------------------------+-----
Stealth        | 2 3 4 6 8 12 15 17 18 20 23 25 27 | 27.0
Short Blades   | 1 2 3 4 5 6 8 10 12 14 | 14.0
Fighting       | 2 3 4 5 6 8 10 11 12 14 15 17 21 | 21.0
Dodging        | 6 8 10 12 13 15 17 18 19 21 25 | 25.3
Evocations     | 4 7 8 11 14 15 21 | 21.0
Invocations    | 2 4 10 12 | 12.0
Hexes          | 3 8 10 14 15 19 22 23 | 23.0
Spellcasting   | 3 4 5 8 10 11 | 11.0
Conjurations   | 3 5 |  5.0
Ice Magic      | 2 3 |  3.0
Armour         | 1 5 |  5.2
Air Magic      | 4 6 |  6.0
Shields        | 1 |  1.5
Translocations | 5 6 |  6.0
Unarmed Combat | |  3.0
Shapeshifting  | |  3.0

Action                     |  1- 3 |  4- 6 |  7- 9 | 10-12 | 13-15 | 16-18 | 19-21 | 22-24 | 25-27 || total
---------------------------+-------+-------+-------+-------+-------+-------+-------+-------+-------++-------
  Melee: Dagger            |    51 |       |       |       |       |       |       |       |       ||    51
         Unarmed           |     1 |       |       |       |       |       |       |       |       ||     1
         Punch             |     2 |     3 |     3 |    28 |    30 |     7 |    36 |       |       ||   109
         Short sword       |    26 |   130 |   150 |   740 |   377 |       |       |       |       ||  1423
         Quarterstaff      |       |       |       |    39 |    10 |       |       |       |       ||    49
         Long sword        |       |       |       |    11 |       |       |       |       |       ||    11
         Rapier            |       |       |       |       |   632 |   604 |   937 |   740 |   655 ||  3568
         Quick blade       |       |       |       |       |       |       |       |       |  1199 ||  1199
  Throw: Stone             |       |     1 |       |       |       |       |       |       |       ||     1
         Dart              |       |     2 |     2 |    10 |    16 |       |       |     1 |       ||    31
         Throwing net      |       |       |       |       |       |       |       |       |     4 ||     4
   Cast: Dazzling Flash    |       |       |       |     3 |    93 |   124 |    30 |    28 |       ||   278
         Ensorcelled Hiber |       |       |       |       |    81 |   164 |    83 |   242 |   143 ||   713
         Jinxbite          |       |       |       |       |     3 |       |       |       |       ||     3
         Cause Fear        |       |       |       |       |     2 |       |       |       |       ||     2
         Silence           |       |       |       |       |       |     1 |    23 |    10 |     4 ||    38
         Summon Mana Viper |       |       |       |       |       |       |       |     3 |    10 ||    13
         Enfeeble          |       |       |       |       |       |       |       |    25 |   193 ||   218
         Discord           |       |       |       |       |       |       |       |     1 |    89 ||    90
         Teleport Other    |       |       |       |       |       |       |       |       |    39 ||    39
 Invoke: Shadow Step       |       |       |       |       |     7 |     7 |     8 |     8 |     2 ||    32
         Shadow Form       |       |       |       |       |       |       |       |     3 |     3 ||     6
Ability: Begin Untransform |     1 |     1 |       |       |       |       |       |       |       ||     2
         End Transformatio |       |       |       |       |       |       |       |     2 |     1 ||     3
  Evoke: Wand              |       |       |     2 |    36 |    18 |    11 |     4 |    12 |    14 ||    97
         Tin of tremorston |       |       |       |       |     3 |     3 |     6 |     1 |     4 ||    17
         Lightning rod     |       |       |       |       |     5 |     9 |    17 |     7 |     7 ||    45
         Box of beasts     |       |       |       |       |       |       |     1 |     4 |     5 ||    10
         Phantom mirror    |       |       |       |       |       |       |       |     1 |     1 ||     2
         Phial of floods   |       |       |       |       |       |       |       |       |     2 ||     2
    Use: Potion            |     4 |     6 |     2 |     4 |     4 |     3 |     8 |     2 |    24 ||    57
         Scroll            |       |     6 |       |     9 |    18 |     7 |    14 |     9 |    30 ||    93
   Stab: Sleeping          |    15 |    12 |    21 |    34 |   142 |   143 |   211 |   243 |   191 ||  1012
         Distracted        |     1 |     2 |     1 |     5 |     4 |    11 |    10 |     9 |    12 ||    55
         Invisible         |       |       |     2 |     5 |    49 |    51 |    16 |    19 |   172 ||   314
         Paralysed         |       |       |     2 |     1 |     5 |     2 |       |     2 |     3 ||    15
         Confused          |       |       |       |       |     1 |       |       |       |       ||     1
         Held in net/web   |       |       |       |       |       |       |       |       |     5 ||     5
 Armour: Animal skin       |    19 |    30 |    59 |       |       |       |       |       |       ||   108
         Skin              |    14 |     7 |       |       |       |       |       |       |       ||    21
         Steam dragon scal |       |       |     4 |   143 |   171 |   122 |       |       |       ||   440
         Robe              |       |       |       |       |    63 |    31 |       |       |       ||    94
         Swamp dragon scal |       |       |       |       |       |    28 |   324 |   248 |   624 ||  1224
  Dodge: Dodged            |    30 |    60 |    79 |   659 |  1259 |   744 |  1193 |   793 |  1570 ||  6387
  Block: Buckler           |       |       |       |       |       |       |     5 |       |       ||     5
   Form: Beast             |     1 |       |       |       |       |       |       |       |       ||     1

Table legend: (Time is in decaauts)
 A = Elapsed time spent in this place.
 B = Non-inter-level travel time spent in this place.
 C = Inter-level travel time spent in this place.
 D = Time resting spent in this place.
 E = Time spent auto-exploring this place.
 F = Levels seen in this place.
 G = Mean time per level.
                   A        B        C        D        E       F      G
               +--------+--------+--------+--------+--------+-----+--------+
         Total |  90019 |  77178 |  12841 |  10572 |  47283 |  62 | 1451.9 |
       Dungeon |  25641 |  20161 |   5480 |   3017 |  10557 |  15 | 1709.4 |
        Temple |     12 |      3 |      9 |      0 |      0 |   1 |   12.0 |
          Lair |   9017 |   7568 |   1449 |    243 |   5582 |   5 | 1803.4 |
         Swamp |   4009 |   3463 |    546 |     73 |   2663 |   4 | 1002.2 |
     Snake Pit |   8955 |   7974 |    981 |    639 |   5886 |   4 | 2238.8 |
    Slime Pits |   1373 |   1266 |    107 |    156 |    526 |   5 |  274.6 |
  Orcish Mines |   4127 |   3643 |    484 |    898 |   1931 |   2 | 2063.5 |
   Elven Halls |   5313 |   5071 |    242 |   1011 |   2950 |   3 | 1771.0 |
        Vaults |  10771 |   9609 |   1162 |   1444 |   5997 |   5 | 2154.2 |
         Crypt |   3694 |   3586 |    108 |    520 |   2103 |   3 | 1231.3 |
        Depths |   7844 |   6838 |   1006 |    630 |   4866 |   4 | 1961.0 |
           Zot |   8951 |   7689 |   1262 |   1884 |   4111 |   5 | 1790.2 |
      Ziggurat |    107 |    107 |      0 |      4 |     32 |   4 |   26.8 |
        Bazaar |    139 |    139 |      0 |      0 |     76 |   1 |  139.0 |
      Ice Cave |     60 |     60 |      0 |     49 |      0 |   1 |   60.0 |
               +--------+--------+--------+--------+--------+-----+--------+

Top non-repeatable levels by time:
   Orc:2: 3278 daAuts
 Snake:1: 3206 daAuts
   Zot:5: 3206 daAuts
 Snake:4: 2913 daAuts
Vaults:1: 2763 daAuts
Depths:2: 2760 daAuts
   Elf:3: 2655 daAuts
 Crypt:3: 2520 daAuts
     D:5: 2340 daAuts
    D:10: 2283 daAuts
Vaults:4: 2237 daAuts
     D:2: 2180 daAuts
  Lair:5: 2168 daAuts
Vaults:5: 2025 daAuts
  Lair:2: 1955 daAuts
